 Dungeon Crawl Stone Soup version 0.30-a0-718-geaa24f58ff (webtiles) character file.

Game seed: 3112996569289155153

74543 hikkokomori the Fighter (level 15, -3/76 (82) HPs)
             Began as a Vine Stalker Fighter on Jan 26, 2023.
             Was a Priest of Uskayaw.
             Killed from afar by Jorgrun (47 damage)
             ... with an iron shot
             ... on level 13 of the Dungeon.
             The game lasted 00:37:31 (16299 turns).

hikkokomori the Fighter (Vine Stalker Fighter)     Turns: 16299, Time: 00:37:32

HP:   -3/76 (82)    AC: 26    Str: 22    XL:     15   Next: 47%
MP:   0/31          EV: 32    Int: 11    God:    Uskayaw [***...]
Gold: 586           SH:  6    Dex: 18    Spells: 22/22 levels left

rFire   . . .      SeeInvis +    Q - +4 short sword (drain)
rCold   + . .      Faith    .    c - +0 buckler
rNeg    . . .      Spirit   +    O - +5 chain mail of the Valley {+Inv rPois Regen+ MP+9}
rPois   +          Reflect  .    N - +2 helmet {Int+3}
rElec   +          Harm     +    o - +0 cloak
rCorr   +          Rampage  .    i - +1 pair of gloves
Will    ++...                    G - +2 pair of boots of Day {Harm Will+ rCorr Stlth-} Stlth
                                 T - amulet "Xayl Uguyne" {Acrobat rElec rC+ Regen+}
HPRegen 2.72/turn                M - ring "Bitifur" {EV+5 SInv}
MPRegen 0.22/turn                p - +4 ring of slaying

@: acrobatic, very slightly contaminated, drained, invisible
A: fangs 3, regeneration 1, magic shield, antimagic bite, no potion heal 2
a: Renounce Religion, Evoke Invisibility, Stomp, Line Pass


You were on level 13 of the Dungeon.
You worshipped Uskayaw.
Uskayaw was aware of your devotion.
You visited 4 branches of the dungeon, and saw 21 of its levels.
You also visited: Bailey.

You collected 1969 gold pieces.
You spent 1383 gold pieces at shops.

Inventory:

Hand Weapons
 a - a +1 rapier
 A - a +4 spear
 Q - a +4 short sword of draining (weapon)
 S - a +3 demon whip of freezing
Missiles
 t - a throwing net (quivered)
Armour
 c - a +0 buckler (worn)
 i - a +1 pair of gloves (worn)
 j - a +0 tower shield
 o - a +0 cloak (worn)
 G - the +2 pair of boots of Day (worn) {Harm Will+ rCorr Stlth-}
   (You bought it in a shop on level 10 of the Dungeon)

   rCorr:     It protects you from acid and corrosion.
   Harm:      It increases damage dealt and taken.
   Will:      It increases your willpower.
   Stlth:     It makes you less stealthy.
 N - a +2 helmet of intelligence (worn)
 O - the +5 chain mail of the Valley (worn) {+Inv rPois Regen+ MP+9}
   (You found it on level 1 of the Lair of Beasts)

   rPois:     It protects you from poison.
   MP:        It affects your magic capacity (+9).
   +Inv:      It lets you turn invisible.
   Regen:     It increases your rate of health regeneration.
Jewellery
 g - a ring of willpower
 k - a ring of see invisible
 p - a +4 ring of slaying (right hand)
 q - an amulet of magic regeneration
 w - a ring of willpower
 B - a ring of fire
 C - a +6 ring of strength
 M - the ring "Bitifur" (left hand) {EV+5 SInv}
   (You found it on level 1 of the Lair of Beasts)

   [ring of evasion]

   EV:        It affects your evasion (+5).
   SInv:      It lets you see invisible.
 T - the amulet "Xayl Uguyne" (around neck) {Acrobat rElec rC+ Regen+}
   (You bought it in a shop on level 2 of the Orcish Mines)

   [amulet of the acrobat]

   It increases your evasion while moving and waiting.
   rC:        It protects you from cold.
   rElec:     It insulates you from electricity.
   Regen:     It increases your rate of health regeneration.
 X - a ring of protection from cold
Wands
 u - a wand of paralysis (20)
 x - a wand of digging (6)
 I - a wand of roots (22)
 J - a wand of polymorph (15)
 Y - a wand of quicksilver (2)
Scrolls
 l - 12 scrolls of teleportation
 r - 3 scrolls of magic mapping
 s - 5 scrolls of enchant armour
 y - 4 scrolls of blinking
 F - a scroll of fog
 K - 6 scrolls of identify
 L - a scroll of fear
 P - 2 scrolls of poison
 U - a scroll of noise
 Z - a scroll of enchant weapon
Potions
 b - a potion of ambrosia {unknown}
 d - 3 potions of might
 e - 3 potions of magic
 f - 4 potions of heal wounds
 h - 5 potions of haste
 m - 6 potions of curing
 n - 3 potions of degeneration
 v - 2 potions of attraction
 z - 3 potions of berserk rage
 D - 2 potions of cancellation {unknown}
 E - 4 potions of resistance
 H - 3 potions of mutation
 R - 2 potions of brilliance
 V - 4 potions of flight
 W - 2 potions of invisibility {unknown}


   Skills:
 + Level 11.1 Fighting
 - Level 8.5 Short Blades
 + Level 8.4 Maces & Flails
 + Level 8.6 Armour
 - Level 8.9 Dodging
 - Level 7.7 Stealth
 - Level 6.4 Shields
 + Level 4.0 Spellcasting
 - Level 8.5 Invocations
 + Level 8.7 Evocations


You had 22 spell levels left.
You didn't know any spells.
Your spell library contained the following spells:

 Spells                   Type           Power      Damage    Failure   Level
 Kiss of Death            Conj/Necr      8%         2d6       89%         1
 Shock                    Conj/Air       8%         1d3       89%         1
 Slow                     Hex            8%         N/A       89%         1
 Sting                    Tmut/Pois      8%         1d3       89%         1
 Summon Small Mammal      Summ           8%         N/A       89%         1
 Poisonous Vapours        Pois/Air       4%         N/A       96%         2
 Call Canine Familiar     Summ           2%         N/A       99%         3
 Confusing Touch          Hex            2%         N/A       99%         3
 Inner Flame              Hex/Fire       2%         N/A       99%         3
 Portal Projectile        Hex/Tloc       4%         N/A       99%         3
 Summon Guardian Golem    Hex/Summ       2%         N/A       99%         3
 Swiftness                Air            2%         N/A       99%         3
 Tukima's Dance           Hex            2%         N/A       99%         3
 Vampiric Draining        Necr           2%         2d6       99%         3
 Airstrike                Air            1%         2d(1-17)  100%        4
 Anguish                  Hex/Necr       1%         N/A       100%        4
 Animate Dead             Necr           2%         N/A       100%        4
 Cause Fear               Hex            1%         N/A       100%        4
 Dispel Undead            Necr           2%         3d7       100%        4
 Olgreb's Toxic Radiance  Pois           2%         N/A       100%        4
 Blade Hands              Tmut           1%         N/A       100%        5
 Lee's Rapid Deconstruct  Erth           1%         3d4*      100%        5
 Dispersal                Tloc           1%         N/A       100%        6
 Simulacrum               Ice/Necr       1%         N/A       100%        6
 Statue Form              Tmut/Erth      1%         N/A       100%        6
 Discord                  Hex            1%         N/A       100%        8


Dungeon Overview and Level Annotations

Branches:
Dungeon (13/15)            Temple (1/1) D:4            Lair (5/5) D:8
 Shoals (0/4) Lair:3       Spider (0/4) Lair:3        Slime (0/5) Lair:5
    Orc (2/2) D:9             Elf (0/3) Orc:2        Bailey (visited)
 Vaults: D:13-14

Altars:
Ashenzari
Cheibriados
Dithmenos
Elyvilon
Fedhas
Gozag
Hepliaklqana
Kikubaaqudgha
Makhleb
Nemelex Xobeh
Okawaru
Qazlal
Ru
Sif Muna
Trog
Uskayaw
Vehumet
Wu Jian
Xom
Yredelemnul
Zin
The Shining One
Jiyva

Shops:
D:1 [   D:10 [   Orc:2 =!=:[

Annotations:
D:4 1 runed translucent door, Shayle's ghost, amateur TeBr
D:13 Jorgrun


Innate Abilities, Weirdness & Mutations

You have razor-sharp teeth.
Your natural rate of healing is unusually fast.
When hurt, damage is shared between your health and your magic reserves.
Your bite disrupts and absorbs the magic of your enemies.
Potions cannot restore your health.


Message History

The floor.
You feel drained.
You fade into invisibility!
You are very lightly contaminated with residual magic.
The catoblepas gores you.
You closely miss the troll. You bite the troll!! You drain its power.
You feel invigorated.
The troll is heavily wounded.
The troll shouts!
A centaur warrior comes into view.
The troll bites you but does no damage. The troll claws you but does no damage.
The troll barely misses you.
You can now pass through a line of other dancers.
You hit the troll but do no damage. You bite the troll!! You drain its power.
The troll is almost dead.
The catoblepas breathes a plume of calcifying dust at the troll.
The blast of calcifying dust hits the troll.
The troll dies!
The blast of calcifying dust hits the centaur warrior!
Jorgrun casts a spell at something.
The centaur warrior is engulfed in calcifying dust.
The centaur warrior is moving more slowly.
The centaur warrior shouts!
Your Spellcasting skill increases to level 4!
You puncture the catoblepas! You bite the catoblepas! You drain its power.
The catoblepas is almost dead.
The catoblepas breathes a plume of calcifying dust at you.
The blast of calcifying dust hits you but does no damage.
Jorgrun points next to the catoblepas and mumbles some strange words.
The wall shatters!
The blast of rock fragments hits the catoblepas!!
The catoblepas dies!
The blast of rock fragments hits Jorgrun!!
You hear a shout! x2
Uskayaw will force your foes to helplessly watch your dance.
Jorgrun shouts!
Jorgrun points at you and mumbles some strange words.
The iron shot hits you!!!
Ouch! That really hurt!
You die...

♣ .♣ .♣
♣. .♣#
# #§#
#.#§#
#c§@# ♣
#.#g#
#.###†#
♣...♣#
♣♣♣†♣
♣♣.♣♣
♣.♣♣
♣♣.♣
##♣.♣##


You could see Jorgrun (unable to see you) and a centaur warrior (petrifying).

Vanquished Creatures
  A dire elephant (Lair:5)
  A fire dragon (D:11)
  5 hydras
  3 catoblepae (Lair:5)
  An ogre mage (D:11)
  Erica (Orc:1)
  4 boulder beetles
  4 two-headed ogres
  An alligator (D:5)
  5 death yaks (Lair:5)
  9 orc high priests (Orc:2)
  A tengu warrior (D:11)
  A centaur warrior (D:12)
  A deep troll shaman (Lair:5)
  Urug (Lair:2)
  Amaemon (Lair:2)
  Nergalle (Lair:2)
  A pharaoh ant (Lair:3)
  A flayed ghost (D:12)
  3 orc knights
  2 deep elf pyromancers (D:12)
  2 ugly things
  3 orc sorcerers
  6 cyclopes
  9 elephants (Lair:5)
  Maurice (D:8)
  A merfolk siren (Lair:3)
  6 black mambas
  Maggie (D:9)
  Joseph (Lair:1)
  12 cane toads
  8 komodo dragons
  A rime drake (Lair:5)
  A freezing wraith (D:11)
  2 yaktaurs
  An orange demon (Lair:2)
  2 gargoyles (D:12)
  3 unseen horrors (D:11)
  A tengu conjurer (D:11)
  2 trolls
  4 polar bears
  Prince Ribbit (D:7)
  10 dream sheep
  2 tarantellas (Lair:3)
  3 blink frogs (Lair:2)
  A slime creature (D:9)
  A centaur simulacrum (D:11)
  Sigmund (D:2)
  3 wraiths
  42 yaks
  3 shadows
  2 fire bats (Lair:1)
  2 fire elementals (Lair:1)
  5 wyverns
  4 vampire mosquitoes (D:11)
  A basilisk (Lair:5)
  14 wargs
  2 acid dragons
  8 water moccasins
  2 hell hounds (Lair:1)
  Duvessa (D:7)
  32 orc warriors
  An ice beast (D:8)
  2 black bears
  7 ogres
  14 wolves
  14 centaurs
  3 kobold brigands (D:8)
  2 phantoms (D:6)
  5 gnoll sergeants
  10 bullfrogs
  2 necrophages
  7 wights
  Dowan (D:7)
  8 killer bees
  18 howler monkeys
  2 electric eels
  8 hounds
  3 gnoll boudas
  44 orc priests
  6 iguanas
  Ijyb (D:2)
  30 orc wizards
  26 gnolls
  8 adders
  A shadow imp (D:7)
  2 white imps
  3 adder zombies (D:3)
  3 worms
  133 orcs
  3 ball pythons
  2 bats
  3 endoplasms
  A giant cockroach (D:4)
  13 goblins
  5 hobgoblins
  8 jackals (D:4)
  A quokka (D:3)
  3 frilled lizards
  A giant cockroach zombie (D:3)
  4 kobolds
  6 rats
669 creatures vanquished.

Vanquished Creatures (others)
  A catoblepas (D:13)
  A troll (shapeshifter) (D:13)
  Menkaure (D:6)
  An orc (Bailey)
  A butterfly (D:9)
  11 fungi
  24 plants
40 creatures vanquished.

Grand Total: 709 creatures vanquished

Notes
Turn   | Place    | Note
-------+----------+-------------------------------------------
     0 | D:1      | hikkokomori the Vine Stalker Fighter began the quest for
                  | the Orb.
     0 | D:1      | Reached XP level 1. HP: 11/11 MP: 2/2
   138 | D:1      | Reached XP level 2. HP: 12/16 MP: 1/3
   322 | D:1      | Found Femo's Antique Armour Boutique.
   628 | D:1      | Reached skill level 3 in Fighting
   687 | D:2      | Reached XP level 3. HP: 19/20 MP: 4/4
   939 | D:2      | Gained mutation: Your natural rate of healing is unusually
                  | fast. [Vine Stalker growth]
   939 | D:2      | Reached XP level 4. HP: 22/24 MP: 5/5
   979 | D:2      | Noticed Sigmund
   987 | D:2      | Killed Sigmund
   988 | D:2      | Reached skill level 4 in Fighting
   988 | D:2      | Reached XP level 5. HP: 21/29 MP: 4/6
   988 | D:2      | Reached XP level 6. HP: 24/33 MP: 4/7
  1018 | D:2      | Noticed Ijyb
  1046 | D:2      | Killed Ijyb
  1208 | D:3      | Found a basalt altar of Yredelemnul.
  1397 | D:3      | Found a faded altar of an unknown god.
  1397 | D:3      | Noticed an orange demon
  1406 | D:3      | Found a broken altar of Ashenzari.
  1568 | D:3      | Found a stormy altar of Qazlal.
  2154 | D:4      | Found a staircase to the Ecumenical Temple.
  2168 | D:4      | Reached XP level 7. HP: 24/38 MP: 6/8
  2187 | Temple   | Entered the Ecumenical Temple
  2390 | Temple   | Became a worshipper of Uskayaw the Reveller
  2437 | D:5      | Entered Level 5 of the Dungeon
  2480 | D:4      | Reached * piety under Uskayaw
  2670 | D:4      | Reached ** piety under Uskayaw
  2672 | D:4      | Reached *** piety under Uskayaw
  2688 | D:4      | Found a runed translucent door.
  2688 | D:4      | Noticed Shayle's ghost (amateur TeBr)
  2753 | D:5      | Noticed a two-headed ogre
  2869 | D:5      | Reached skill level 5 in Fighting
  2901 | D:5      | Reached skill level 5 in Shields
  3087 | D:5      | a two-headed ogre changed into an alligator
  3087 | D:5      | Noticed an alligator
  3099 | D:5      | Killed an alligator
  3100 | D:5      | Reached skill level 6 in Fighting
  3100 | D:5      | Reached skill level 5 in Short Blades
  3100 | D:5      | Gained mutation: You have razor-sharp teeth. [Vine Stalker
                  | growth]
  3100 | D:5      | Reached XP level 8. HP: 7/44 MP: 5/9
  3101 | D:5      | Reached **** piety under Uskayaw
  3372 | D:6      | Killed Menkaure
  3418 | D:6      | Found a sacrificial altar of Ru.
  3672 | D:6      | Found an iron altar of Okawaru.
  3673 | D:6      | Found a glowing silver altar of Zin.
  4069 | D:7      | Reached XP level 9. HP: 39/49 MP: 10/10
  4088 | D:7      | Noticed Prince Ribbit
  4125 | D:7      | Reached ***** piety under Uskayaw
  4127 | D:7      | Killed Prince Ribbit
  4128 | D:7      | Reached skill level 1 in Dodging
  4137 | D:7      | Reached ****** piety under Uskayaw
  4174 | D:7      | Found a flagged portal.
  4180 | Bailey   | Entered a bailey
  4421 | Bailey   | Reached skill level 7 in Fighting
  4794 | Bailey   | Reached XP level 10. HP: 34/55 MP: 7/11
  4985 | D:7      | Found a shadowy altar of Dithmenos.
  5052 | D:7      | Noticed a two-headed ogre
  5059 | D:7      | Killed a two-headed ogre
  5129 | D:7      | Noticed Duvessa
  5129 | D:7      | Noticed Dowan
  5143 | D:7      | Killed Duvessa
  5145 | D:7      | Killed Dowan
  5184 | D:7      | You fall into a shaft and drop 3 floors!
  5184 | D:10     | Entered Level 10 of the Dungeon
  5225 | D:10     | Reached skill level 8 in Fighting
  5443 | D:10     | Found Ruvompuf's Antique Armour Shoppe.
  5449 | D:10     | Bought a pair of slimy boots for 285 gold pieces
  5449 | D:10     | Identified the +2 pair of boots of Day {Harm Will+ rCorr
                  | Stlth-} (You bought it in a shop on level 10 of the
                  | Dungeon)
  5639 | D:10     | Reached skill level 5 in Armour
  6034 | D:8      | Found a radiant altar of Vehumet.
  6155 | D:8      | Noticed a cyclops
  6296 | D:8      | Reached XP level 11. HP: 60/60 MP: 12/12
  6349 | D:8      | Found a staircase to the Lair.
  6363 | D:8      | Reached skill level 5 in Dodging
  6587 | D:8      | Killed a cyclops
  6588 | D:8      | Reached skill level 1 in Stealth
  6661 | D:8      | Reached skill level 9 in Fighting
  7381 | D:9      | Noticed Maurice
  7397 | D:9      | Found a staircase to the Orcish Mines.
  7417 | D:8      | Killed Maurice
  7721 | D:9      | Noticed Maggie
  7734 | D:9      | Killed Maggie
  7735 | D:9      | Reached skill level 5 in Stealth
  7770 | D:9      | Found a white marble altar of Elyvilon.
  8110 | D:9      | Noticed a two-headed ogre
  8113 | D:9      | a two-headed ogre changed into a slime creature
  8325 | Lair:1   | Entered Level 1 of the Lair of Beasts
  8332 | Lair:1   | Found a transporter.
  8361 | Lair:1   | Found a transporter.
  8371 | Lair:1   | Reached skill level 10 in Fighting
  8371 | Lair:1   | Reached XP level 12. HP: 45/67 MP: 8/13
  8385 | Lair:1   | Identified the ring "Bitifur" {EV+5 SInv}
  8473 | Lair:1   | Noticed Joseph
  8484 | Lair:1   | Killed Joseph
  8802 | Lair:1   | Identified the +5 chain mail of the Valley {+Inv rPois
                  | Regen+ MP+9}
  9020 | Lair:1   | Reached skill level 1 in Invocations
  9020 | Lair:1   | Reached skill level 1 in Evocations
  9398 | Lair:2   | Noticed Amaemon
  9414 | Lair:2   | Killed Amaemon
  9585 | Lair:2   | Reached skill level 1 in Maces & Flails
  9673 | Lair:2   | Got the Monograph on the Elliptic Quarry
  9694 | Lair:2   | Noticed a six-headed hydra
  9703 | Lair:2   | Killed a six-headed hydra
  9803 | Lair:2   | Noticed Nergalle
  9816 | Lair:2   | Killed Nergalle
  9879 | Lair:2   | Noticed Urug
  9893 | Lair:2   | Killed Urug
  9958 | Lair:2   | Reached XP level 13. HP: 72/72 MP: 17/17
 10291 | Lair:3   | Found a staircase to the Shoals.
 10462 | Lair:3   | Found a bloodstained altar of Trog.
 10623 | Lair:3   | Found a hole to the Spider Nest.
 11199 | Lair:4   | Reached skill level 5 in Invocations
 11551 | Lair:4   | Reached skill level 5 in Evocations
 11948 | Lair:5   | Entered Level 5 of the Lair of Beasts
 12005 | Lair:5   | Reached skill level 5 in Maces & Flails
 12073 | Lair:5   | Noticed a dire elephant
 12088 | Lair:5   | Killed a dire elephant
 12110 | Lair:5   | Got the Vellum of Lamentation
 12207 | Lair:5   | Reached XP level 14. HP: 66/77 MP: 20/20
 12501 | Lair:5   | Found a viscous altar of Jiyva.
 12502 | Lair:5   | Found a staircase to the Slime Pits.
 13058 | Orc:1    | Entered Level 1 of the Orcish Mines
 13063 | Orc:1    | Noticed Erica
 13074 | Orc:1    | Killed Erica
 13393 | Orc:2    | Entered Level 2 of the Orcish Mines
 13521 | Orc:2    | Found a staircase to the Elven Halls.
 13545 | Orc:2    | Found Analaah's Jewellery Shoppe.
 13635 | Orc:2    | Found Ekkaqos's Antique Armour Shoppe.
 13648 | Orc:2    | Found Yzempete's Book Shop.
 13858 | Orc:2    | Paralysed by an orc sorcerer for 3 turns
 14075 | Orc:2    | Found Uzenont's Jewellery Shop.
 14103 | Orc:2    | Bought the amulet "Xayl Uguyne" {Acrobat rElec rC+ Regen+}
                  | for 612 gold pieces
 14119 | Orc:2    | Found Bavoarro's Distillery.
 14455 | Orc:2    | Bought a pair of shimmering boots for 304 gold pieces
 14455 | Orc:2    | Identified the -1 pair of boots of the Onion {*Slow rCorr
                  | Slay+3 SInv} (You bought it in a shop on level 2 of the
                  | Orcish Mines)
 14455 | Orc:2    | Bought a sheer robe for 182 gold pieces
 14455 | Orc:2    | Identified the +1 robe "Pyfure" {+Blink Slay+6} (You bought
                  | it in a shop on level 2 of the Orcish Mines)
 14578 | D:11     | Noticed Sonja
 14580 | D:11     | Sonja changed into Sonja the yaktaur
 14580 | D:11     | Noticed Sonja
 14588 | D:11     | Killed Sonja the yaktaur
 14750 | D:11     | Reached skill level 1 in Spellcasting
 14797 | D:11     | Reached XP level 15. HP: 77/81 MP: 22/22
 15674 | D:12     | Found a broken altar of Ashenzari.
 15910 | D:12     | Reached skill level 11 in Fighting
 16282 | D:13     | Noticed Jorgrun
 16299 | D:13     | Killed from afar by Jorgrun

Illustrated notes

Levels and vault maps discovered:
D:1:      lightli_arrival_statuegarden, layout_basic, serial_forest,
          infiniplex_forest_lined_3, infiniplex_forest_straight_2,
          infiniplex_forest_straight_3, infiniplex_forest_lined_1, serial_shops,
          nicolae_shop_hallway_stairs
D:2:      kennysheep_the_goblin_king, layout_rooms, uniq_sigmund
D:3:      layout_basic, nicolae_yredelemnul_corpse_copse,
          mainiacjoe_overflow_cross_hatched, lemuel_doored_altar,
          dreamdust_ecumenical_altar_sealed_demon, wad_floor_pattern_untrapped,
          grunt_ministairs_14, feat_on_display
D:4:      layout_rooms, minmay_temple_entry_junction, gammafunk_ghost_grave
D:5:      layout_basic
D:6:      layout_loops_ring, nicolae_ru_awakened_eye,
          mainiacjoe_overflow_divided_tiny, lemuel_flamethrower_2, uniq_menkaure
D:7:      layout_rooms, grunt_dithmenos_smoke_and_mirrors, enter_bailey_3,
          uniq_duvessa, uniq_prince_ribbit1
D:8:      lemuel_castle_with_subvaults [lemuel_castle_interior_carwin_2],
          layout_loops_cross, mainiacjoe_overflow_concentric_impassable,
          erik_lair_orcish_takeover, lightli_orcish_oven
D:9:      layout_roguey, nicolae_elyvilon_peaceful_grove, david_orc_5,
          nicolae_figureground_pulse, uniq_maurice, uniq_maggie
D:10:     layout_long_grid, serial_shops, nicolae_shop_overgrown_old_shop
D:11:     minmay_the_grid_net [minmay_the_grid_slots, minmay_the_grid_gridbox,
          minmay_the_grid_broken_lines, minmay_the_grid_medium_cups,
          minmay_the_grid_expand, minmay_the_grid_prize_big_room],
          layout_gridville, minivault_21, minmay_misc_feat_four_crosses,
          uniq_sonja
D:12:     evilmike_horseshoe, layout_basic, grunt_decor_fettered,
          ashenzari_altar_1
D:13:     nzn_winding_woodlands_large [nzn_winding_woodlands_hourglass,
          nzn_winding_woodlands_5x15_cabin, nzn_winding_woodlands_5x5_three,
          nzn_winding_woodlands_center_triple_pond,
          nzn_winding_woodlands_15x15_boxy_spiral,
          nzn_winding_woodlands_center_diamonds,
          nzn_winding_woodlands_5x5_open_star,
          nzn_winding_woodlands_5x15_default,
          nzn_winding_woodlands_5x5_default], layout_loops_corners, uniq_rupert,
          uniq_jorgrun
Temple:   nicolae_temple_bog_church
Lair:1:   gammafunk_cloud_chamber, layout_long_grid, infiniplex_staircase_pool,
          uniq_joseph
Lair:2:   layout_regular_city, uniq_nergalle, uniq_amaemon, uniq_urug
Lair:3:   layout_cellular_growth, minmay_shoals_entry_lonely_mermaid,
          nicolae_spider_entry_lesser_pyramids, basic_altar,
          serial_bayou_shore_a
Lair:4:   layout_concentric_octagons
Lair:5:   grunt_lair_end_beastmaster, layout_regular_city, slime_entry_1,
          serial_bayou_lagoon_a
Orc:1:    layout_diamond_mine, uniq_erica
Orc:2:    st_orc_town, layout_caves, serial_shops, nicolae_shop_statue_plus,
          abandoned_shop

Skill      XL: |  1  2  3  4  5  6  7  8  9 10 11 12 13 14 15 |
---------------+----------------------------------------------+-----
Short Blades   | 2 3 4 5 6 7 8 |  8.5
Shields        | 3 4 5 6 |  6.4
Fighting       | 3 4 6 7 8 10 11 | 11.1
Dodging        | 3 4 6 8 |  8.9
Armour         | 4 5 6 8 |  8.6
Stealth        | 6 7 |  7.7
Invocations    | 4 6 8 |  8.5
Evocations     | 3 6 8 |  8.7
Maces & Flails | 3 5 7 8 |  8.4
Spellcasting   | 2 4 |  4.0

Action                     |  1- 3 |  4- 6 |  7- 9 | 10-12 | 13-15 || total
---------------------------+-------+-------+-------+-------+-------++-------
  Melee: Rapier            |    58 |   122 |   239 |   562 |       ||   981
         Bite              |    15 |    30 |    84 |   248 |   349 ||   726
         Spear             |       |       |    51 |    28 |       ||    79
         Short sword       |       |       |       |   107 |   750 ||   857
         Demon whip        |       |       |       |       |    65 ||    65
 Invoke: Line Pass         |       |       |     1 |     5 |     3 ||     9
         Stomp             |       |       |       |     2 |       ||     2
         Grand Finale      |       |       |       |       |     2 ||     2
Ability: Evoke Invisibilit |       |       |       |       |     1 ||     1
  Evoke: Wand              |       |       |    21 |     3 |     2 ||    26
    Use: Scroll            |       |       |    13 |    13 |     6 ||    32
         Potion            |       |       |     1 |     4 |       ||     5
   Stab: Sleeping          |     1 |       |       |     2 |       ||     3
         Paralysed         |       |       |    10 |    53 |    64 ||   127
         Petrified         |       |       |       |       |     4 ||     4
         Petrifying        |       |       |       |       |     1 ||     1
         Confused          |       |       |       |       |     1 ||     1
 Armour: Scale mail        |     5 |       |       |       |       ||     5
         Leather armour    |    12 |    58 |   130 |   146 |       ||   346
         Steam dragon scal |       |       |       |    42 |       ||    42
         Chain mail        |       |       |       |    33 |   253 ||   286
  Dodge: Dodged            |    28 |    47 |   181 |   368 |   408 ||  1032
  Block: Buckler           |    10 |    28 |    94 |   201 |   202 ||   535

Table legend: (Time is in decaauts)
 A = Elapsed time spent in this place.
 B = Non-inter-level travel time spent in this place.
 C = Inter-level travel time spent in this place.
 D = Time resting spent in this place.
 E = Time spent auto-exploring this place.
 F = Levels seen in this place.
 G = Mean time per level.
                   A        B        C        D        E       F      G
               +--------+--------+--------+--------+--------+-----+--------+
         Total |  15938 |  14758 |   1180 |    173 |  10931 |  22 |  724.5 |
       Dungeon |   9192 |   8410 |    782 |     90 |   6284 |  13 |  707.1 |
        Temple |    228 |    194 |     34 |      0 |    182 |   1 |  228.0 |
          Lair |   4342 |   4125 |    217 |      0 |   3329 |   5 |  868.4 |
  Orcish Mines |   1371 |   1225 |    146 |      5 |    918 |   2 |  685.5 |
        Bailey |    803 |    803 |      0 |     78 |    216 |   1 |  803.0 |
               +--------+--------+--------+--------+--------+-----+--------+

Top non-repeatable levels by time:
     D:8: 1360 daAuts
   Orc:2: 1018 daAuts
  Lair:5: 924 daAuts
     D:9: 908 daAuts
  Lair:2: 869 daAuts
  Lair:3: 863 daAuts
  Lair:1: 850 daAuts
    D:11: 841 daAuts
  Lair:4: 835 daAuts
  Bailey: 803 daAuts
     D:3: 785 daAuts
    D:10: 748 daAuts
     D:6: 720 daAuts
    D:12: 719 daAuts
     D:1: 682 daAuts
